 Dungeon Crawl Stone Soup version 0.17-a0-1954-g0dddeaa (webtiles) character file.

123 inmateoo the Twirler (level 4, -1/35 HPs)
             Began as a Demonspawn Gladiator on Oct 3, 2015.
             Was an Initiate of Okawaru.
             Killed by nerve-wracking pain
             ... invoked by inmateoo's ghost
              (8 damage)
             ... on level 3 of the Dungeon.
             The game lasted 00:02:54 (2023 turns).

inmateoo the Twirler (Demonspawn Gladiator)         Turns: 2023, Time: 00:02:55

Health: -1/35      AC: 10    Str: 15    XL:     4   Next: 79%
Magic:  4/4        EV: 13    Int: 10    God:    Okawaru [......]
Gold:   63         SH:  0    Dex: 14    Spells: 0 memorised, 3 levels left

rFire  . . .     SeeInvis .     a - +0 quarterstaff
rCold  + . .     Clarity  .     b - +0 leather armour
rNeg   . . .     SustAt   .     (no shield)
rPois  .         Gourm    .     c - +0 helmet
rElec  .         Spirit   .     (no cloak)
rCorr  .         Warding  .     (no gloves)
rMut   .         Stasis   .     (no boots)
MR     +....                    o - amulet of inaccuracy (curse)
Stlth  +.........               (no ring)
                                g - ring of protection from magic

@: somewhat resistant to hostile enchantments, very unstealthy
A: iridescent scales 2, cold resistance 1
a: Renounce Religion


You were on level 3 of the Dungeon.
You worshipped Okawaru.
Okawaru was noncommittal.
You were not hungry.

You visited 1 branch of the dungeon, and saw 3 of its levels.

You collected 63 gold pieces.

Inventory:

Hand weapons
 a - a +0 quarterstaff (weapon)
Missiles
 d - 3 throwing nets (quivered)
Armour
 b - a +0 leather armour (worn)
 c - a +0 helmet (worn)
Jewellery
 g - a ring of protection from magic (left hand)
 o - a cursed amulet of inaccuracy (around neck)
Potions
 h - a potion of brilliance {unknown}
 i - a potion of invisibility {unknown}
 j - a potion of poison {unknown}
 n - 2 potions of haste {unknown}
Comestibles
 e - 2 bread rations
 k - a meat ration
 l - a slice of pizza
 m - 3 fruits


   Skills:
 + Level 3.1 Fighting
 * Level 3.5 Staves
 + Level 2.5 Throwing
 + Level 1.0 Armour
 + Level 3.1 Dodging


You had 3 spell levels left.
You didn't know any spells.

Dungeon Overview and Level Annotations

Branches:
Dungeon (3/15)

Altars:
Okawaru
Vehumet

Annotations:
D:3 inmateoo's ghost, average DsNe


Innate Abilities, Weirdness & Mutations

You are mostly covered in iridescent scales (AC +6).
Your flesh is cold resistant.


Message History

Inmateoo's ghost points at you and mumbles some strange words.
Pain shoots through your body!
Inmateoo's ghost points at you and mumbles some strange words.
Pain shoots through your body! Inmateoo's ghost casts a spell at you.
Pain shoots through your body!
Found 2 golden potions.
Inmateoo's ghost points at you and mumbles some strange words.
Pain shoots through your body!
* * * LOW HITPOINT WARNING * * *
Drink which item? (? for menu, Esc to quit)
You feel better. Inmateoo's ghost casts a spell at you.
Pain shoots through your body!
* * * LOW HITPOINT WARNING * * *
Inmateoo's ghost points at you and mumbles some strange words.
You resist with some effort. Inmateoo's ghost casts a spell at you.
Pain shoots through your body!
You die...

. ########.....
.##..........#
.'.........>#
#..........#
#..........#
#####..........####
..................#
###.......W....#.#
.. #...@#######.#
... ####.# !.
#..########†# #
#........)..#
........#######
..............#
..............##
...............#
...............#


You could see inmateoo's ghost.

Vanquished Creatures
  3 adders (D:2)
  3 gnolls (D:2)
  An ooze (D:3)
  2 worms
  A giant gecko (D:3)
  4 orcs (D:3)
  2 ball pythons
  4 goblins (D:2)
  6 hobgoblins
  6 jackals (D:3)
  2 kobolds (D:1)
  A quokka (D:2)
  6 bats
  4 giant cockroaches
  4 giant newts
  3 rats
52 creatures vanquished.

Notes
Turn   | Place    | Note
--------------------------------------------------------------
     0 | D:1      | inmateoo the Demonspawn Gladiator began the quest for the Orb.
     0 | D:1      | Reached XP level 1. HP: 16/16 MP: 1/1
   422 | D:1      | Gained mutation: You are partially covered in iridescent scales (AC +4). [demonic ancestry]
   422 | D:1      | Reached XP level 2. HP: 22/22 MP: 2/2
   724 | D:2      | Found an iron altar of Okawaru.
   732 | D:2      | Reached skill level 3 in Staves
   736 | D:2      | Became a worshipper of Warmaster Okawaru
   850 | D:2      | Found a radiant altar of Vehumet.
  1088 | D:2      | Gained mutation: You are mostly covered in iridescent scales (AC +6). [demonic ancestry]
  1088 | D:2      | Reached XP level 3. HP: 28/28 MP: 3/3
  1443 | D:2      | Reached skill level 1 in Armour
  1443 | D:2      | Gained mutation: Your flesh is cold resistant. [demonic ancestry]
  1443 | D:2      | Reached XP level 4. HP: 18/34 MP: 4/4
  2014 | D:3      | Noticed inmateoo's ghost (average DsNe)
  2023 | D:3      | Killed from afar by inmateoo's ghost

Vault maps used:
D:1:      minmay_arrival_loop
D:2:      vehumet_crystals, okawaru_ov_weapons_minmay
D:3:      first_bread, ecumenical_altar_2

Action                   |  1- 3 |  4- 6 || total
-------------------------+-------+-------++-------
Melee: Quarterstaff      |   116 |    82 ||   198
  Use: Potion            |     1 |     1 ||     2
       Scroll            |     2 |       ||     2
 Stab: Sleeping          |     2 |       ||     2
  Eat: Chunk             |     2 |     2 ||     4
